 Dungeon Crawl Stone Soup version 0.20-a0-1040-gfd09691 (webtiles) character file.

46 Gorglomux the Poker (level 3, 0/29 HPs)
             Began as a Formicid Warper on Apr 23, 2017.
             Succumbed to Jessica's poison
             ... on level 6 of the Dungeon.
             The game lasted 00:03:38 (1375 turns).

Gorglomux the Poker (Formicid Warper)               Turns: 1375, Time: 00:03:39

Health: 0/29       AC:  3    Str: 15    XL:     3   Next: 95%
Magic:  5/6        EV: 11    Int: 12    God:
Gold:   42         SH:  0    Dex: 11    Spells: 4/6 levels left

rFire    + . .     SeeInvis +   a - +0 spear
rCold    + . .     Gourm    .   (no shield)
rNeg     . . .     Faith    .   b - +0 leather armour
rPois    +         Spirit   .   (helmet unavailable)
rElec    +         Reflect  .   (no cloak)
rCorr    +         Harm     .   (no gloves)
MR       .....                  (no boots)
Stlth    +.........             (no amulet)
Regen    0.1/turn               (no ring)
MPRegen  0.1/turn               (no ring)

@: lethally poisoned (0 -> -3), resistant
A: permanent stasis, dig shafts and tunnels, four strong arms, antennae 3
a: Dig, Shaft Self


You were on level 6 of the Dungeon.
You were near starving.

You visited 1 branch of the dungeon, and saw 5 of its levels.

You collected 42 gold pieces.

Inventory:

Hand Weapons
 a - a +0 spear (weapon)
Missiles
 e - 5 tomahawks of dispersal {=f}
Armour
 b - a +0 leather armour (worn)
Scrolls
 d - a scroll of blinking {!rbc iqbzilcb zqleibf dizbAZ UFZ}
 g - a scroll of teleportation {unknown}
 k - a scroll of identify {unknown}
Books
 c - a book of Spatial Translocations
Comestibles
 f - a bread ration {@e1@e1}
 h - 2 meat rations {@e2@e2}
 j - 3 chunks of flesh {@w0@w0}
 l - 2 royal jellies


   Skills:
 + Level 3.0 Fighting
 * Level 3.4 Polearms
 - Level 1.0 Throwing
 - Level 1.1 Armour
 - Level 1.7 Dodging
 - Level 2.1 Spellcasting
 - Level 2.6 Translocations


You had 4 spell levels left.
You knew the following spells:

 Your Spells              Type           Power        Failure   Level  Hunger
a - Shroud of Golubria    Chrm/Tloc      #.........   28%         2    ###....


Dungeon Overview and Level Annotations

Branches:
Dungeon (2/15)

Altars:

Annotations:
D:2 Jessica


Innate Abilities, Weirdness & Mutations

You cannot be hasted, slowed, berserked, paralysed or teleported.
You can dig through walls and to a lower floor.
Your four strong arms can wield two-handed weapons with a shield.
You have a pair of large antennae on your head. (SInv)


Message History

You take 1 damage, and have 3/29 hp.
You now have 4/6 mp.
Unknown command.
You have 42 gold pieces.
Unknown command.
You aren't carrying any pieces of jewellery.
There is a lethal amount of poison in your body!
Unknown command.
Unknown command.
Unknown command.
No item to drop.
You aren't carrying any pieces of jewellery.
There is a lethal amount of poison in your body!
Unknown command.
Unknown command.
You aren't carrying any pieces of jewellery.
No item to drop.
There is a lethal amount of poison in your body!
Unknown command.
Unknown command.
You don't know that spell.
You don't know that spell.
There is a lethal amount of poison in your body!
Okay, then.
Unknown command.
You have 42 gold pieces.
There is a lethal amount of poison in your body!
* * * LOW HITPOINT WARNING * * *
You feel sick.
You are too injured to fight recklessly!
You take 1 damage, and have 2/29 hp.
Okay, then.
Unknown command.
Okay, then.
No item to drop.
There is a lethal amount of poison in your body!
Unknown command.
Unknown command.
You don't know that spell.
Unknown command.
No item to drop.
Okay, then.
You don't know that spell.
There is a lethal amount of poison in your body!
Unknown command.
Okay, then.
Drop what? 12/52 slots (_ for help) (? for menu, Esc to quit)
You drop 2 scrolls labeled YHUNAY DOGEXIB.
Your shroud begins to fray at the edges.
* * * LOW HITPOINT WARNING * * *
You feel sick.
You take 1 damage, and have 1/29 hp.
Quiver which item? (- for none, * to show all) (? for menu, Esc to quit)
You don't have any such object.
Quiver which item? (- for none, * to show all) (? for menu, Esc to quit)
You don't have any such object.
Quiver which item? (- for none, * to show all) (? for menu, Esc to quit)
You don't have any such object.
Quiver which item? (- for none, * to show all) (? for menu, Esc to quit)
You don't have any such object.
Quiver which item? (- for none, * to show all) (? for menu, Esc to quit)
You don't have any such object.
Quiver which item? (- for none, * to show all) (? for menu, Esc to quit)
You don't have any such object.
Quiver which item? (- for none, * to show all) (? for menu, Esc to quit)
You don't have any such object.
Quiver which item? (- for none, * to show all) (? for menu, Esc to quit)
You don't have any such object.
Quiver which item? (- for none, * to show all) (? for menu, Esc to quit)
Okay, then.
Unknown command.
Unknown command.
You aren't carrying any pieces of jewellery.
Unknown command.
There is a lethal amount of poison in your body!
There is a lethal amount of poison in your body!
Unknown command.
There is a lethal amount of poison in your body!
There is a lethal amount of poison in your body!
There is a lethal amount of poison in your body!
There is a lethal amount of poison in your body!
You are a level 3 Formicid Warper.
You are 95% of the way to level 4.
Play time: 00:03:34 (1368 turns)
You don't have any such object.
You don't have any such object.
You don't have any such object.
You don't have any such object.
You don't have any such object.
You don't have any such object.
You don't have any such object.
You don't have any such object.
Okay, then.
Unknown command.
* * * LOW HITPOINT WARNING * * *
You feel sick.
You take 1 damage, and have 1/29 hp.
Okay, then.
Unknown command.
Your shroud unravels.
Unknown command.
You die...

.........
#.....#
#.....#
#.....#
#.....#
#(.?..######
####.......#
#.......#
#....@..#
#.......#
#.......#
#.......#
#########


There were no monsters in sight!

Vanquished Creatures
  An adder (D:2)
  A worm (D:2)
  2 leopard geckos
  3 giant cockroaches (D:1)
  6 goblins (D:1)
  7 hobgoblins
  3 bats
  2 frilled lizards (D:1)
  3 kobolds (D:1)
  2 rats
30 creatures vanquished.

Notes
Turn   | Place    | Note
-------+----------+-------------------------------------------
     0 | D:1      | Gorglomux the Formicid Warper began the quest for the Orb.
     0 | D:1      | Reached XP level 1. HP: 16/16 MP: 3/3
     3 | D:1      | Noticed an elf
     3 | D:1      | Noticed a human
     5 | D:1      | Noticed a halfling
     5 | D:1      | Noticed a tengu
     7 | D:1      | Noticed a felid
     7 | D:1      | Noticed a gargoyle
     9 | D:1      | Noticed a vine stalker
     9 | D:1      | Noticed a ghoul
    11 | D:1      | Noticed a troll
    11 | D:1      | Noticed a demonspawn
    13 | D:1      | Noticed an ogre
    13 | D:1      | Noticed a dwarf
    16 | D:1      | Noticed a centaur
    16 | D:1      | Noticed a formicid
    18 | D:1      | Noticed a merfolk
    20 | D:1      | Noticed a demigod
    20 | D:1      | Noticed a vampire
    22 | D:1      | Noticed a spriggan
    24 | D:1      | Noticed an octopode
    24 | D:1      | Noticed a naga
    26 | D:1      | Noticed a draconian
    28 | D:1      | Noticed a minotaur
   253 | D:1      | Reached XP level 2. HP: 21/22 MP: 5/5
   781 | D:1      | Reached XP level 3. HP: 19/28 MP: 6/6
   934 | D:1      | Reached skill level 3 in Polearms
  1145 | D:1      | Learned a level 2 spell: Shroud of Golubria
  1317 | D:2      | Noticed Jessica
  1324 | D:2      | Reached skill level 3 in Fighting
  1346 | D:2      | You fall through a shaft for 2 floors!
  1346 | D:4      | Noticed an ogre
  1349 | D:4      | You fall through a shaft!
  1349 | D:5      | Entered Level 5 of the Dungeon
  1352 | D:5      | You fall through a shaft!
  1352 | D:6      | HP: 7/29 [poisoned by Jessica]
  1357 | D:6      | HP: 4/29 [poisoned by Jessica]
  1363 | D:6      | HP: 2/29 [poisoned by Jessica]
  1371 | D:6      | HP: 1/29 [poisoned by Jessica]
  1375 | D:6      | Succumbed to Jessica's poison

Vault maps used:
D:1:      kb_arrival_jail
D:2:      lemuel_blue_sif_altar, chequers_ecumenical_altar_island,
          minmay_hedge_maze, uniq_jessica
D:4:      zin_purify, overflow_temple_1_default, first_bread,
          minmay_misc_feat_pillars, minmay_snake_closets
D:5:      kennysheep_mini, kennysheep_generic_room_8
D:6:      minmay_temple_entry_grid, lemuel_oklob_altar

Skill      XL: |  1  2  3 |
---------------+----------+-----
Polearms       | 3 |  3.4
Fighting       | 3 |  3.0
Throwing       | |  1.0
Armour         | |  1.1
Dodging        | |  1.7
Spellcasting   | |  2.1
Translocations | |  2.6

Action                   || total
-------------------------++-------
Melee: Spear             ||   123
Throw: Javelin           ||     8
 Cast: Shroud of Golubri ||     1
 Abil: Dig               ||     1
       Shaft Self        ||     3
  Use: Potion            ||     1
 Stab: Sleeping          ||     2
  Eat: Chunk             ||     1
Armor: Leather armour    ||    21
Dodge: Dodged            ||    40

Vault maps used:
D:1:      kb_arrival_jail
D:2:      lemuel_blue_sif_altar, chequers_ecumenical_altar_island,
          minmay_hedge_maze, uniq_jessica
D:4:      zin_purify, overflow_temple_1_default, first_bread,
          minmay_misc_feat_pillars, minmay_snake_closets
D:5:      kennysheep_mini, kennysheep_generic_room_8
D:6:      minmay_temple_entry_grid, lemuel_oklob_altar

Table legend:
 A = Turns spent in this place as a percentage of turns spent in the entire game.
 B = Non-inter-level travel turns spent in this place as a percentage of non-inter-level travel turns spent in the entire game.
 C = Inter-level travel turns spent in this place as a percentage of turns spent in this place.
 D = Turns resting spent in this place as a percentage of non-inter-level travel turns spent in this place.
 E = Turns spent auto-exploring this place as a percentage of non-inter-level travel turns spent in this place.
 F = Non-inter-level travel turns spent in this place divided by the number of levels of this place that you've seen.
                   A       B       C       D       E      F
               +-------+-------+-------+-------+-------+----------------------
         Total | 100.0 | 100.0 |   0.4 |   0.7 |   9.4 | 108.2
       Dungeon | 100.0 | 100.0 |   0.4 |   0.7 |   9.4 | 108.2
               +-------+-------+-------+-------+-------+----------------------

Table legend:
 A = Kills in this place as a percentage of kills in entire the game.
 B = Kills by you in this place as a percentage of kills by you in the entire game.
 C = Kills by friends in this place as a percentage of kills by friends in the entire game.
 D = Other kills in this place as a percentage of other kills in the entire game.
 E = Experience gained in this place as a percentage of experience gained in the entire game.
 F = Experience gained in this place divided by the number of levels of this place that you have seen.
                   A       B       C       D       E      F
               +-------+-------+-------+-------+-------+----------------------
         Total | 100.0 | 100.0 |  -nan |  -nan | 100.0 |  13.4
       Dungeon | 100.0 | 100.0 |  -nan |  -nan | 100.0 |  13.4
               +-------+-------+-------+-------+-------+----------------------
